 Dungeon Crawl Stone Soup version 0.26-a0-597-gb535b0901c (webtiles) character file.

Game seed: 690460247549665023

261 Alarkh the Insei (level 5, -2/42 HPs)
             Began as a Demonspawn Gladiator on Sept 12, 2020.
             Was a Believer of Uskayaw.
             Killed by nerve-wracking pain
             ... invoked by Grinder
              (10 damage)
             ... on level 3 of the Dungeon.
             The game lasted 00:02:35 (2146 turns).

Alarkh the Insei (Demonspawn Gladiator)             Turns: 2146, Time: 00:02:35

Health: -2/42      AC:  9    Str: 14    XL:     5   Next: 96%
Magic:  0/5        EV: 11    Int: 11    God:    Uskayaw [**....]
Gold:   95         SH:  0    Dex: 14    Spells: 4/4 levels left

rFire    . . .     SeeInvis .     - Unarmed
rCold    . . .     Faith    .   (no shield)
rNeg     . . .     Spirit   +   l - +0 ring mail
rPois    .         Reflect  .   m - +2 helmet
rElec    .         Harm     .   i - +0 cloak
rCorr    .                      (no gloves)
MR       .....                  (no boots)
Stlth    +.........             n - amulet of guardian spirit
HPRegen  0.14/turn              (no ring)
MPRegen  0.09/turn              (no ring)

@: no status effects
A: claws 1, spiny 2
a: Stomp, Line Pass, Renounce Religion


You were on level 3 of the Dungeon.
You worshipped Uskayaw.
Uskayaw was noncommittal.
You visited 1 branch of the dungeon, and saw 3 of its levels.

You collected 95 gold pieces.

Inventory:

Missiles
 c - 3 throwing nets (quivered)
Armour
 a - a +0 leather armour
 i - a +0 cloak (worn)
 l - a +0 ring mail (worn)
 m - a +2 helmet (worn)
Jewellery
 f - an uncursed ring of teleportation
 n - an amulet of guardian spirit (around neck)
Wands
 o - a wand of acid (2)
 p - a wand of flame (10)
Scrolls
 d - a scroll of remove curse
 e - a scroll of fear {unknown}
 g - a scroll of blinking {unknown}
 h - a scroll of teleportation {unknown}
 j - 2 scrolls of identify {unknown}
 k - 2 scrolls of enchant armour {unknown}


   Skills:
 + Level 3.9 Fighting
 - Level 1.7 Throwing
 - Level 2.6 Dodging
 * Level 5.2 Unarmed Combat


You had 4 spell levels left.
You didn't know any spells.
Your spell library was empty.

Dungeon Overview and Level Annotations

Branches:
Dungeon (3/15)

Altars:
Fedhas
Trog
Uskayaw

Annotations:
D:3 Grinder


Innate Abilities, Weirdness & Mutations

You have sharp fingernails.
You are mostly covered in sharp spines.


Message History

Grinder hits you.
You writhe in agony.
You are too injured to fight recklessly!
You are too injured to fight recklessly!
You are too injured to fight recklessly!
You are too injured to fight recklessly!
Evoke which item? (* to show all) (? for menu, Esc to quit)
Aiming: Corrosive Bolt
Press: ? - help, Shift-Dir - straight line, f - Grinder
Aim: Grinder (heavily wounded)
The bolt of acid hits Grinder!
Grinder is splashed with acid.
Grinder is almost dead.
Grinder hits you!
* * * LOW HITPOINT WARNING * * *
You writhe in agony.
* * * LOW HITPOINT WARNING * * *
You closely miss Grinder.
Grinder is almost dead.
Grinder gestures at you. Pain shoots through your body!
You die...

.........#
#......#
.........#
#......#
##########
####.(....#
#..†......#
#.........#
#.........#
#.........#
#.......).#
#....@5..>#
#.........#
#.........#
#...........#
#.............
#..............
#......###!....
#......# .....


You could see Grinder.

Vanquished Creatures
  Sigmund (D:3)
  Robin (D:3)
  3 adders
  A dart slug (D:2)
  A leopard gecko (D:1)
  An orc (D:3)
  4 bats
  2 giant cockroaches
  16 goblins
  10 hobgoblins
  2 jackals (D:2)
  A ball python (D:2)
  2 frilled lizards
  5 kobolds
  6 rats
56 creatures vanquished.

Notes
Turn   | Place    | Note
-------+----------+-------------------------------------------
     0 | D:1      | Alarkh the Demonspawn Gladiator began the quest for the
                  | Orb.
     0 | D:1      | Reached XP level 1. HP: 16/16 MP: 1/1
   267 | D:1      | Reached skill level 3 in Unarmed Combat
   464 | D:1      | Gained mutation: You are partially covered in sharp spines.
                  | [demonic ancestry]
   464 | D:1      | Reached XP level 2. HP: 20/22 MP: 2/2
  1035 | D:2      | Gained mutation: You have sharp fingernails. [demonic
                  | ancestry]
  1035 | D:2      | Reached XP level 3. HP: 23/28 MP: 3/3
  1068 | D:2      | Found a hide-covered altar of Uskayaw.
  1080 | D:2      | Noticed a +0 dagger
  1080 | D:2      | Noticed a +0 dagger
  1085 | D:2      | Became a worshipper of Uskayaw the Reveler
  1116 | D:2      | Found a blossoming altar of Fedhas.
  1186 | D:2      | Reached * piety under Uskayaw
  1566 | D:2      | Found a bloodstained altar of Trog.
  1752 | D:3      | Reached ** piety under Uskayaw
  1755 | D:3      | Reached *** piety under Uskayaw
  1836 | D:3      | Noticed Robin
  1842 | D:3      | Reached skill level 4 in Unarmed Combat
  1843 | D:3      | Reached XP level 4. HP: 34/34 MP: 4/4
  1858 | D:3      | Reached **** piety under Uskayaw
  1869 | D:3      | Reached ***** piety under Uskayaw
  1870 | D:3      | Killed Robin
  2088 | D:3      | Noticed Sigmund
  2093 | D:3      | Killed Sigmund
  2093 | D:3      | Reached skill level 5 in Unarmed Combat
  2093 | D:3      | Gained mutation: You are mostly covered in sharp spines.
                  | [demonic ancestry]
  2093 | D:3      | Reached XP level 5. HP: 42/42 MP: 5/5
  2131 | D:3      | Noticed Grinder
  2140 | D:3      | Paralysed by Grinder for 2 turns
  2146 | D:3      | Killed from afar by Grinder

Illustrated notes

Levels and vault maps discovered:
D:1:      evilmike_arrival_rings, layout_basic, minmay_fountain_box,
          minmay_tromino_mix6
D:2:      layout_basic, dancing_weapons_uskayaw, lightli_temple_of_fire,
          fedhas_altar_3
D:3:      layout_basic, uniq_grinder, uniq_sigmund, uniq_robin

Skill      XL: |  1  2  3  4 |
---------------+-------------+-----
Unarmed Combat | 3 4 5 |  5.2
Fighting       | 3 |  3.9
Throwing       | |  1.7
Dodging        | |  2.6

Action                   |  1- 3 |  4- 6 || total
-------------------------+-------+-------++-------
Melee: Unarmed           |   110 |    47 ||   157
       Punch             |     2 |     1 ||     3
Evoke: Wand              |       |     3 ||     3
  Use: Scroll            |     1 |       ||     1
       Potion            |       |     1 ||     1
 Stab: Paralysed         |       |     1 ||     1
Armor: Leather armour    |    34 |       ||    34
       Ring mail         |     8 |    11 ||    19
Dodge: Dodged            |    80 |    18 ||    98

Table legend: (Time is in decaauts)
 A = Elapsed time spent in this place.
 B = Non-inter-level travel time spent in this place.
 C = Inter-level travel time spent in this place.
 D = Time resting spent in this place.
 E = Time spent auto-exploring this place.
 F = Levels seen in this place.
 G = Mean time per level.
                   A        B        C        D        E       F      G
               +--------+--------+--------+--------+--------+-----+--------+
         Total |   2133 |   1967 |    166 |    244 |   1376 |   3 |  711.0 |
       Dungeon |   2133 |   1967 |    166 |    244 |   1376 |   3 |  711.0 |
               +--------+--------+--------+--------+--------+-----+--------+

Top non-repeatable levels by time:
     D:1: 981 daAuts
     D:2: 758 daAuts
     D:3: 393 daAuts
